 Dungeon Crawl Stone Soup version 0.29.0-10-g45618ea6d2 (webtiles) character file.

Game seed: 13388950033688981192

27001 doricub5 the Warrior (level 13, -2/140 HPs)
             Began as a Minotaur Berserker on Aug 31, 2022.
             Was a High Priest of Trog.
             Succumbed to Nessos's poison
             ... on level 12 of the Dungeon on Sept 1, 2022.
             The game lasted 01:20:59 (18375 turns).

doricub5 the Warrior (Minotaur Berserker)          Turns: 18375, Time: 01:21:00

Health: -2/140     AC: 25    Str: 26    XL:     13   Next: 2%
Magic:  12/12      EV:  9    Int:  4    God:    Trog [*****.]
Gold:   461        SH:  3    Dex: 11    Spells: 12/12 levels left

rFire   + . .      SeeInvis +   M - +5 scimitar (flame)
rCold   + . .      Faith    .   a - +0 buckler
rNeg    . . .      Spirit   .   x - +3 plate armour
rPois   .          Reflect  .   (helmet restricted)
rElec   .          Harm     .   (no cloak)
rCorr   +          Rampage  .   G - +1 pair of gloves
Will    .....                   r - +1 pair of boots
Stlth   ..........              (no amulet)
HPRegen 0.33/turn               L - ring "Tixarch" {rF+ rC+ rCorr SInv}
MPRegen 0.13/turn               (no ring)

@: lethally poisoned (-2 -> -63), about to teleport
A: horns 2, retaliatory headbutt
a: Renounce Religion, Berserk, Trog's Hand, Brothers in Arms


You were on level 12 of the Dungeon.
You worshipped Trog.
Trog was extremely pleased with you.
You visited 2 branches of the dungeon, and saw 15 of its levels.
You also visited: Ossuary.

You collected 1076 gold pieces.
You spent 615 gold pieces at shops.

Inventory:

Hand Weapons
 b - the +6 mace of Fate {venom, rF+}
   (You found it on level 2 of the Dungeon)

   It poisons the flesh of those it strikes.
   rF:        It protects you from fire.
 w - the +4 dagger of Alawketz {freeze, rPois rC+ rN+ Dex+4}
   (You found it on level 3 of the Dungeon)

   It freezes those it strikes, dealing additional cold damage.
   It can also slow down cold-blooded creatures.
   Dex:       It affects your dexterity (+4).
   rC:        It protects you from cold.
   rPois:     It protects you from poison.
   rN:        It protects you from negative energy.
 z - a +4 great sword
 M - a +5 scimitar of flaming (weapon)
Missiles
 p - 3 silver javelins (quivered)
 v - a throwing net
Armour
 a - a +0 buckler (worn)
 r - a +1 pair of boots (worn)
 x - a +3 plate armour (worn)
 G - a +1 pair of gloves (worn)
Jewellery
 L - the ring "Tixarch" (left hand) {rF+ rC+ rCorr SInv}
   (You bought it in a shop on level 5 of the Dungeon)

   [ring of resist corrosion]

   rF:        It protects you from fire.
   rC:        It protects you from cold.
   SInv:      It lets you see invisible.
   rCorr:     It protects you from acid and corrosion.
Wands
 u - a wand of roots (7)
 B - a wand of acid (3)
 F - a wand of polymorph (8)
 I - a wand of paralysis (14)
 J - a wand of mindburst (2)
Scrolls
 c - 4 scrolls of immolation
 e - 5 scrolls of vulnerability
 f - 8 scrolls of teleportation
 h - a scroll of amnesia {unknown}
 j - 2 scrolls of poison {unknown}
 l - 3 scrolls of blinking {unknown}
 m - a scroll of magic mapping {unknown}
 o - a scroll of summoning {unknown}
 s - 3 scrolls of fear
 D - a scroll of butterflies {unknown}
 H - a scroll of brand weapon {unknown}
Potions
 d - a potion of haste {unknown}
 g - 3 potions of lignification
 i - 10 potions of curing
 k - 6 potions of flight
 n - 3 potions of heal wounds
 q - 3 potions of might {unknown}
 t - 2 potions of mutation {unknown}
 A - a potion of magic {unknown}
 C - 4 potions of cancellation
 E - 2 potions of attraction {unknown}
 K - 3 potions of resistance


   Skills:
 * Level 20.5 Fighting
 + Level 3.4 Long Blades
 - Level 3.6 Polearms
 + Level 15.0 Armour
 - Level 5.0 Dodging


You had 12 spell levels left.
You didn't know any spells.
Your spell library was empty.

Dungeon Overview and Level Annotations

Branches:
Dungeon (12/15)            Temple (0/1) D:5            Lair (3/5) D:8
    Orc (0/2) D:12        Ossuary (visited)
  Swamp: Lair:2-3    Shoals: Lair:2-3     Snake: Lair:2-3    Spider: Lair:2-3

Altars:
Ashenzari
Elyvilon
Gozag
Hepliaklqana
Kikubaaqudgha
Makhleb
Okawaru
Ru
Sif Muna
Xom
Zin

Shops:
D:5 =*:[(   D:7 :   D:9 (

Annotations:
D:12 Nessos


Innate Abilities, Weirdness & Mutations

You have a pair of horns on your head.
You reflexively headbutt those who attack you in melee.


Message History

Nessos shoots an arrow.
The arrow hits you! The arrow burns you.
You are more poisoned.
You feel very sick.
Nessos shoots an arrow.
The arrow hits you.
You are more poisoned.
You feel very sick.
Nessos shoots an arrow.
The arrow hits you!
You are more poisoned.
Nessos shoots an arrow.
The arrow hits you!
You are lethally poisoned!
You feel extremely sick.
Nessos shoots an arrow.
The arrow hits you.
You are more poisoned.
Nessos mumbles some strange words.
Nessos blinks!
Unknown command.
You are too injured to fight recklessly!
You are too injured to fight recklessly!
You are too injured to fight recklessly!
You are too injured to fight recklessly!
You are too injured to fight recklessly!
You are too injured to fight recklessly!
You are too injured to fight recklessly!
You are too injured to fight recklessly!
Unknown command.
* * * LOW HITPOINT WARNING * * *
You feel extremely sick.
Nessos shoots an arrow.
The arrow hits you.
* * * LOW HITPOINT WARNING * * *
The arrow burns you.
You are more poisoned.
* * * LOW HITPOINT WARNING * * *
Nessos shoots an arrow.
The arrow hits you!
* * * LOW HITPOINT WARNING * * *
The arrow burns you.
* * * LOW HITPOINT WARNING * * *
Unknown command.
As you read the scroll of teleportation, it crumbles to dust.
You feel strangely unstable.
You die...

...............
..............
...........c..
###########§.# #..# #..#
#..# .
###########..########....
................@.§c.....
#########################


You could see Nessos (fast).

Vanquished Creatures
  3 hydras
  A boulder beetle (D:12)
  A two-headed ogre (D:10)
  Erica (D:11)
  3 death yaks
  An ugly thing (D:11)
  A manticore (D:12)
  6 cane toads
  Psyche (D:9)
  A gargoyle (D:11)
  An unseen horror (D:12)
  2 komodo dragons (Lair:2)
  A troll (D:6)
  Prince Ribbit (D:9)
  2 hornets (D:9)
  6 blink frogs
  A shadow (D:12)
  A vampire (D:10)
  A wraith (D:11)
  45 yaks
  2 wyverns (Lair:1)
  A basilisk (Lair:2)
  2 vampire mosquitoes (D:10)
  A steam dragon (D:10)
  2 acid dragons
  7 water moccasins
  2 ice beasts (D:7)
  2 sky beasts
  7 orc warriors
  4 black bears
  3 ogres
  9 wolves (Lair:2)
  10 centaurs
  4 phantoms
  2 elf zombies (Ossuary)
  2 kobold brigands
  2 gnoll sergeants
  2 necrophages
  7 bullfrogs
  4 scorpions
  3 wights (D:4)
  2 troll zombies (D:12)
  10 killer bees
  2 electric eels (Lair:1)
  5 howler monkeys
  A centaur zombie (Ossuary)
  A jelly (D:5)
  2 gnoll boudas
  A human zombie (Ossuary)
  8 orc priests
  4 hounds
  3 iguanas
  11 orc wizards
  4 ogre zombies (D:12)
  3 mummies
  19 gnolls
  8 adders
  3 shadow imps
  3 white imps (D:6)
  2 adder zombies (Ossuary)
  A worm (D:5)
  A dart slug (D:2)
  22 orcs
  9 endoplasms
  4 giant cockroaches
  9 goblins
  5 hobgoblins
  12 kobolds
  4 quokkas
  7 ball pythons
  7 bats
  8 frilled lizards
  3 goblin skeletons (D:12)
  2 goblin zombies
  11 hobgoblin zombies
  2 jackal zombies (Ossuary)
  10 kobold zombies (Ossuary)
  2 orc skeletons (D:12)
  18 orc zombies
  6 rats
  A rat zombie (Ossuary)
394 creatures vanquished.

Vanquished Creatures (collateral kills)
  2 yaks (D:9)
  A centaur (D:9)
3 creatures vanquished.

Vanquished Creatures (others)
  17 fungi
  28 plants
45 creatures vanquished.

Grand Total: 442 creatures vanquished

Notes
Turn   | Place    | Note
-------+----------+-------------------------------------------
     0 | D:1      | doricub5 the Minotaur Berserker began the quest for the
                  | Orb.
     0 | D:1      | Reached XP level 1. HP: 19/19 MP: 0/0
   321 | D:1      | You fall into a shaft and drop 1 floor!
   341 | D:2      | Reached skill level 4 in Fighting
   342 | D:2      | Reached XP level 2. HP: 26/27 MP: 1/1
   608 | D:1      | Reached ** piety under Trog
   746 | D:1      | Reached XP level 3. HP: 28/34 MP: 2/2
  1304 | D:2      | Identified the +6 mace of Fate {venom, rF+}
  1822 | D:3      | Found a faded altar of an unknown god.
  1880 | D:3      | Identified the +4 dagger of Alawketz {freeze, rPois rC+ rN+
                  | Dex+4}
  1981 | D:3      | Reached XP level 4. HP: 41/41 MP: 3/3
  1997 | D:3      | Reached skill level 5 in Fighting
  2255 | D:4      | Noticed a scorpion
  2260 | D:4      | Killed a scorpion
  2271 | D:4      | Reached XP level 5. HP: 48/48 MP: 4/4
  2294 | D:4      | Noticed a black bear
  2301 | D:4      | Killed a black bear
  2302 | D:4      | Reached skill level 6 in Fighting
  2427 | D:4      | Reached XP level 6. HP: 57/57 MP: 5/5
  2428 | D:4      | Found a sand-covered staircase.
  2438 | Ossuary  | Entered an ossuary
  2485 | Ossuary  | Reached *** piety under Trog
  2633 | Ossuary  | Reached skill level 7 in Fighting
  2641 | Ossuary  | Reached skill level 5 in Armour
  2641 | Ossuary  | Reached XP level 7. HP: 51/66 MP: 6/6
  2774 | D:4      | Reached **** piety under Trog
  2811 | D:4      | Reached skill level 8 in Fighting
  2811 | D:4      | Reached skill level 5 in Dodging
  3218 | D:5      | Entered Level 5 of the Dungeon
  3225 | D:5      | Found Wesidev's General Store.
  3235 | D:5      | Bought a scroll of identify for 28 gold pieces
  3375 | D:5      | Found Soubiatt's Book Shoppe.
  3421 | D:5      | Reached skill level 9 in Fighting
  3421 | D:5      | Reached XP level 8. HP: 55/78 MP: 7/7
  3619 | D:5      | Found Fyamyrghi's Antique Armour Boutique.
  3626 | D:5      | Found Jeash's Antique Weapon Boutique.
  3748 | D:5      | Found a staircase to the Ecumenical Temple.
  3898 | D:5      | Found Ullod's Jewellery Boutique.
  4069 | D:5      | Reached skill level 10 in Fighting
  4279 | D:5      | Reached skill level 11 in Fighting
  4719 | D:6      | Reached XP level 9. HP: 76/89 MP: 8/8
  4754 | D:6      | Noticed a troll
  5011 | D:6      | Killed a troll
  5012 | D:6      | Reached skill level 12 in Fighting
  5050 | D:6      | Upgraded the game from 0.29.0-7-g18a832c13a to
                  | 0.29.0-10-g45618ea6d2
  5804 | D:7      | Found Olu Off's Book Boutique.
  6206 | D:7      | Found an ancient bone altar of Kikubaaqudgha.
  6206 | D:7      | Found a shimmering blue altar of Sif Muna.
  6206 | D:7      | Found a burning altar of Makhleb.
  6209 | D:7      | Found a hazy altar of Hepliaklqana.
  6214 | D:7      | Reached skill level 13 in Fighting
  6214 | D:7      | Found an opulent altar of Gozag.
  6216 | D:7      | Found a broken altar of Ashenzari.
  6216 | D:7      | Found a glowing silver altar of Zin.
  6217 | D:7      | Found a shimmering altar of Xom.
  6219 | D:7      | Found a white marble altar of Elyvilon.
  6223 | D:7      | Found an iron altar of Okawaru.
  6224 | D:7      | Found a sacrificial altar of Ru.
  6737 | D:8      | Reached ***** piety under Trog
  6962 | D:8      | Reached XP level 10. HP: 47/102 MP: 9/9
  7233 | D:8      | Reached skill level 10 in Armour
  7562 | D:8      | Found a staircase to the Lair.
  7690 | D:9      | Noticed Psyche
  7698 | D:9      | Killed Psyche
  7699 | D:9      | Reached skill level 14 in Fighting
  7771 | D:9      | Noticed Prince Ribbit
  7806 | D:9      | Killed Prince Ribbit
  8032 | D:9      | Reached skill level 15 in Fighting
  8607 | D:9      | Found Wupeda's Weapon Emporium.
  8741 | D:10     | Entered Level 10 of the Dungeon
  9230 | D:5      | Bought the ring "Tixarch" {rF+ rC+ rCorr SInv} for 587 gold
                  | pieces
  9420 | D:10     | Noticed a two-headed ogre
  9433 | D:10     | Killed a two-headed ogre
  9456 | D:10     | Reached skill level 16 in Fighting
  9471 | D:10     | Reached XP level 11. HP: 54/114 MP: 10/10
 10246 | Lair:1   | Entered Level 1 of the Lair of Beasts
 10373 | Lair:1   | Noticed a four-headed hydra
 10394 | Lair:1   | Killed a four-headed hydra
 10821 | D:11     | Noticed a four-headed hydra
 10829 | D:11     | Killed a four-headed hydra
 10830 | D:11     | Reached skill level 17 in Fighting
 11140 | D:11     | Noticed a red ugly thing
 11148 | D:11     | Killed a red ugly thing
 11739 | D:11     | Noticed Erica
 11758 | D:11     | Killed Erica
 12383 | Lair:1   | Reached skill level 18 in Fighting
 12951 | Lair:1   | Reached XP level 12. HP: 115/128 MP: 11/11
 13837 | Lair:2   | Noticed a death yak
 13838 | Lair:2   | Noticed a death yak
 13840 | Lair:2   | Noticed a death yak
 13873 | Lair:1   | Killed a death yak
 14121 | Lair:1   | Killed a death yak
 14122 | Lair:1   | Reached skill level 19 in Fighting
 14355 | Lair:2   | Killed a death yak
 14967 | Lair:2   | Noticed an eight-headed hydra
 14974 | Lair:2   | Killed a four-headed hydra
 16064 | Lair:2   | Reached skill level 20 in Fighting
 16298 | Lair:2   | Reached skill level 1 in Long Blades
 17212 | D:12     | Received a gift from Trog
 17598 | D:12     | Found a staircase to the Orcish Mines.
 17762 | D:12     | Reached skill level 15 in Armour
 17848 | D:12     | Noticed a boulder beetle
 17896 | D:12     | Killed a boulder beetle
 17897 | D:12     | Reached XP level 13. HP: 24/140 MP: 12/12
 18362 | D:12     | Noticed Nessos
 18375 | D:12     | Succumbed to Nessos's poison

Illustrated notes

Levels and vault maps discovered:
D:1:      pf_arrival_petrified_forest, layout_loops_corners,
          minmay_misc_feat_rows
D:2:      layout_rooms
D:3:      layout_loops_ring, hellmonk_ecumenical_altar_lost_god
D:4:      layout_rooms, gup_ossuary_entry_pyramid
D:5:      layout_rooms, minmay_temple_entry_nine_rooms, serial_shops, shop,
          nicolae_shop_waterfront, shop_fountains, nicolae_take_the_stairs,
          nicolae_diamond_shop, minmay_door_square, kennysheep_generic_room_9
D:6:      cheibrodos_barr_body, layout_gridville
D:7:      layout_basic, nicolae_overflow_hallway_of_the_gods, serial_shops, shop
D:8:      layout_gridville, lair_entry_dummy, david_defended_altar_orc
D:9:      layout_roguey, serial_shops, nicolae_shop_advertising_works
          [nicolae_subvault_shop_adworks], uniq_prince_ribbit1, uniq_psyche
D:10:     layout_loops_ring, chequers_jeans, minivault_22
D:11:     layout_stronghold, nicolae_straight_to_the_point, uniq_erica
D:12:     layout_long_grid, zombieorc1_lemuel, uniq_nessos
Lair:1:   layout_roguey, dreamdust_mushroom_princess, grunt_forest_stairs_basic,
          lemuel_fruit_fields, serial_bayou_shore_a, grunt_megastairs_3,
          serial_bayou_shore_b
Lair:2:   layout_regular_city, grunt_megastairs_2
Lair:3:   layout_regular_city, minmay_swamp_entry_reptiles,
          guppyfry_snake_entry_garden, grunt_megastairs_1

Skill      XL: |  1  2  3  4  5  6  7  8  9 10 11 12 |
---------------+-------------------------------------+-----
Fighting       | 4 5 6 7 9 11 13 16 18 20 | 20.5
Armour         | 3 4 5 6 8 9 11 13 15 | 15.0
Dodging        | 3 4 5 |  5.0
Long Blades    | 3 |  3.4
Polearms       | |  3.6

Action                   |  1- 3 |  4- 6 |  7- 9 | 10-12 | 13-15 || total
-------------------------+-------+-------+-------+-------+-------++-------
Melee: Spear             |    79 |       |       |       |       ||    79
       Headbutt          |    10 |    16 |    38 |   165 |       ||   229
       Mace              |    29 |   100 |   218 |   238 |       ||   585
       Punch             |       |       |     1 |     6 |       ||     7
       Scimitar          |       |       |       |   408 |       ||   408
Throw: Javelin           |       |     2 |       |    10 |       ||    12
Invok: Berserk           |       |     1 |     4 |     3 |       ||     8
       Trog's Hand       |       |       |     4 |     4 |       ||     8
       Brothers in Arms  |       |       |       |     2 |       ||     2
Evoke: Wand              |       |       |       |     5 |       ||     5
  Use: Scroll            |     4 |     2 |     6 |     9 |     1 ||    22
       Potion            |       |       |       |     5 |       ||     5
Armor: Animal skin       |     8 |       |       |       |       ||     8
       Scale mail        |    20 |     1 |       |       |       ||    21
       Plate armour      |       |    68 |   248 |   537 |     2 ||   855
       Skin              |       |       |       |     2 |       ||     2
Dodge: Dodged            |    43 |    39 |   166 |   347 |     1 ||   596
Block: Buckler           |       |       |       |    40 |       ||    40
